[Event "Titled Tuesday Blitz June 14 Early 2022"]
[White "Sarana, Alexey"]
[Black "Samunenkov, Ihor"]
[WhiteFideId "24133795"]
[BlackFideId "14187086"]
[WhiteElo "2666"]
[BlackElo "2409"]
[Result "1/2-1/2"]
[Round "02"]
[TimeControl "180+1"]
[Date "2022.06.14"]
[WhiteClock "0:00:11"]
[BlackClock "0:00:07"]

1. d4 d5 2. c4 e6 3. Nc3 a6 4. cxd5 exd5 5. Nf3 h6 6. Qc2 Nf6 7. Bf4 Bd6 8. Bxd6 Qxd6 9. e3 Nc6 10. a3 Ne7 11. Bd3 g6 12. O-O O-O 13. Rac1 Bf5 14. Bxf5 Nxf5 15. Na4 c6 16. Nc5 Qe7 17. Ne5 Nd6 18. h3 Nfe4 19. Ncd3 Rac8 20. Rfe1 Rfe8 21. f3 Ng5 22. Nf4 Ne6 23. Nfd3 Kg7 24. Qf2 f6 25. Ng4 h5 26. Nh2 b6 27. Nf1 c5 28. dxc5 bxc5 29. Rcd1 Rb8 30. Nf4 Nxf4 31. exf4 Qb7 32. Qxc5 Nc4 33. Rxe8 Rxe8 34. Qxd5 Qxd5 35. Rxd5 Re1 36. Rd7+ Kh6 37. Kf2 Rb1 38. b4 Nxa3 39. Rd6 Kg7 40. Ne3 Rxb4 41. Rxa6 Nb5 42. Rb6 Rb3 43. Nd5 Nd4 44. Rxf6 Rb2+ 45. Kg1 Ne2+ 46. Kh2 h4 47. Re6 Nd4 48. Re7+ Kf8 49. Re3 Rb1 50. Nc3 Rc1 51. Rd3 Nf5 52. Ne4 Kg7 53. Rd7+ Kf8 54. Rd8+ Ke7 55. Rd3 Kf8 56. Ra3 Rb1 57. Ra2 Rc1 58. Re2 Rb1 59. Rc2 Ra1 60. Rb2 Rc1 61. g4 hxg3+ 62. Nxg3 Nd4 63. Kg2 Rc3 64. Ne2 Nxe2 65. Rxe2 Kf7 66. h4 Kf6 67. Re5 Rc2+ 68. Kg3 Rc1 69. Ra5 Rg1+ 70. Kh2 Rf1 71. Kg2 Rb1 72. Rg5 Rb4 73. Kg3 Ra4 74. Rb5 Rc4 75. Rb1 Ra4 76. Kg4 Rc4 77. Rb6+ Kf7 78. Rb5 Kf6 79. Ra5 Rb4 80. Ra6+ Kf7 81. Rd6 Ra4 82. Rd7+ Kf6 83. Rd8 Rb4 84. Rf8+ Ke7 85. Ra8 Kf6 86. Ra5 Rc4 87. Kg3 Rb4 88. f5 gxf5 89. Ra6+ Kf7 90. h5 Kg7 91. Rg6+ Kh7 92. Rg5 Kh6 93. Rxf5 Ra4 94. Rd5 Rb4 95. Re5 Ra4 96. Re4 Ra5 97. Kg4 Rg5+ 98. Kf4 Rxh5 99. Re5 Rh1 100. Rg5 Ra1 101. Rg8 Ra4+ 102. Kg3 Ra3 103. Kg4 Ra4+ 104. f4 Kh7 105. Rg5 Kh6 106. Rg8 Kh7 107. Rc8 Kg7 108. Rc7+ Kg6 109. Rc6+ Kg7 110. Kg5 Ra7 111. f5 Rb7 112. Rh6 Ra7 113. Rg6+ Kf7 114. Rd6 Kg7 115. Rb6 Kf7 116. Rh6 Kg7 117. Rh3 Rb7 118. Rd3 Ra7 119. Rb3 Rc7 120. Rb6 Ra7 121. Rh6 Rc7 122. f6+ Kg8 123. Kg6 Rg7+ 124. Kf5 Ra7 125. Rg6+ Kf8 126. Rh6 Ra1 127. Rh8+ Kf7 128. Rh7+ Kf8 129. Rh5 Ra5+ 130. Kg6 Rxh5 131. Kxh5 Kf7 132. Kg5 Kf8 133. Kf4 Kf7 134. Ke5 Kf8 135. Ke6 Ke8 136. f7+ Kf8 137. Kd7 Kxf7 1/2-1/2


[Site "https://www.chess.com"]

[Event "Titled Tuesday Blitz June 14 Early 2022"]
[White "Shailesh, Dravid"]
[Black "Jobava, Baadur"]
[WhiteFideId "25017969"]
[BlackFideId "13601520"]
[WhiteElo "2142"]
[BlackElo "2617"]
[Result "0-1"]
[Round "02"]
[TimeControl "180+1"]
[Date "2022.06.14"]
[WhiteClock "0:00:07"]
[BlackClock "0:01:23"]

1. d4 Nf6 2. Nc3 d5 3. Bf4 c5 4. e3 a6 5. Nf3 cxd4 6. exd4 Bg4 7. Be2 Nc6 8. O-O e6 9. h3 Bxf3 10. Bxf3 Qb6 11. Ne2 Qxb2 12. Rb1 Qxa2 13. Rxb7 Rc8 14. Re1 Nd8 15. Rc7 Rxc7 16. Bxc7 Qc4 17. Be5 Be7 18. Nf4 O-O 19. Be2 Qc8 20. Bd3 g6 21. Qf3 Nc6 22. Bxf6 Bxf6 23. Nxd5 Bxd4 24. Nf6+ Kg7 25. Ng4 h5 26. Ne3 Ne5 27. Qe4 Rd8 28. Rb1 Nxd3 29. cxd3 a5 30. Nc4 a4 31. Rb7 Rd7 32. Rb5 Bf6 33. Ra5 Rd4 34. Qe3 Qd7 35. Nb6 Qc7 36. Ra6 Rb4 37. Nxa4 Rb1+ 0-1


[Site "https://www.chess.com"]

[Event "Titled Tuesday Blitz June 14 Early 2022"]
[White "Siniauski, Artsiom"]
[Black "Suleymanli, Aydin"]
[WhiteFideId "13512269"]
[BlackFideId "13413937"]
[WhiteElo "2187"]
[BlackElo "2481"]
[Result "1/2-1/2"]
[Round "02"]
[TimeControl "180+1"]
[Date "2022.06.14"]
[WhiteClock "0:00:08"]
[BlackClock "0:00:10"]

1. e4 e5 2. Nf3 Nc6 3. Bb5 a6 4. Ba4 Nf6 5. O-O Nxe4 6. d4 b5 7. Bb3 d5 8. dxe5 Be6 9. Nbd2 Nc5 10. c3 d4 11. cxd4 Nxd4 12. Nxd4 Qxd4 13. Bxe6 fxe6 14. Nb3 Qxd1 15. Rxd1 Na4 16. Nd4 Kf7 17. b3 Nc3 18. Rd3 Rd8 19. Rxc3 c5 20. Rf3+ Kg6 21. Rg3+ Kf7 22. Bb2 cxd4 23. Rd1 Bc5 24. Kf1 Rd5 25. f4 h6 26. Ke2 g5 27. Rf3 Ke7 28. g3 gxf4 29. gxf4 Rg8 30. Rg3 Rf8 31. Kf3 Rxe5 32. Bxd4 Bxd4 33. Rxd4 Ref5 34. Rg7+ R8f7 35. Rxf7+ Rxf7 36. Ke4 Rf5 37. Rd2 Rh5 38. Rc2 Kf6 39. b4 Rh3 40. Rc6 Rxh2 41. Rxa6 Rb2 42. a3 Rb1 43. Rb6 Ra1 44. Rxb5 Rxa3 45. Rh5 Kg6 46. Ra5 Rb3 47. b5 h5 48. Ra6 Kf6 49. b6 h4 50. Ra7 Rxb6 51. Rh7 Rb4+ 52. Kf3 e5 53. fxe5+ Kxe5 54. Kg2 Kf5 55. Kh3 Kg5 56. Rg7+ Kh5 57. Rh7+ Kg5 58. Rg7+ Kh6 59. Rg4 Rxg4 60. Kxg4 h3 61. Kxh3 1/2-1/2


[Site "https://www.chess.com"]

[Event "Titled Tuesday Blitz June 14 Early 2022"]
[White "Skliarov, Viktor"]
[Black "Vazquez, Guillermo"]
[WhiteFideId "14106736"]
[BlackFideId "3702308"]
[WhiteElo "2229"]
[BlackElo "2536"]
[Result "1-0"]
[Round "02"]
[TimeControl "180+1"]
[Date "2022.06.14"]
[WhiteClock "0:00:12"]
[BlackClock "0:00:01"]

1. e4 e5 2. Nc3 Nc6 3. Bc4 Nf6 4. d3 Bc5 5. a3 O-O 6. h3 d6 7. Nge2 Be6 8. Nd5 Nd7 9. Ng3 a6 10. O-O Ba7 11. Kh2 Nb6 12. Ba2 Bxd5 13. exd5 Ne7 14. c4 Nd7 15. f4 Bd4 16. f5 Kh8 17. Ne4 Ng8 18. Qe2 h6 19. Rb1 Ngf6 20. Bd2 a5 21. Bb3 Nc5 22. Bc2 c6 23. dxc6 bxc6 24. Nxf6 Qxf6 25. b3 Rfe8 26. Qf3 d5 27. cxd5 cxd5 28. Qxd5 e4 29. dxe4 Rad8 30. Qc4 Nxe4 31. Bxe4 Rxe4 32. Kh1 Qe5 33. Rbe1 Rxe1 34. Rxe1 Qxf5 35. Rf1 Qe5 36. Qxf7 Qe2 37. Bxa5 Rb8 38. Bb4 Be5 39. Qf3 Qc2 40. Re1 Qb2 41. Qe3 Re8 42. Bc3 1-0


[Site "https://www.chess.com"]

[Event "Titled Tuesday Blitz June 14 Early 2022"]
[White "Stribuk, Artiom"]
[Black "Kucuksari, Kaan"]
[WhiteFideId "13515659"]
[BlackFideId "6380166"]
[WhiteElo "2259"]
[BlackElo "2305"]
[Result "0-1"]
[Round "02"]
[TimeControl "180+1"]
[Date "2022.06.14"]
[WhiteClock "0:00:09"]
[BlackClock "0:00:15"]

1. d4 d5 2. c4 c6 3. Nf3 Nf6 4. Nc3 e6 5. g3 Nbd7 6. Bg2 Be7 7. O-O dxc4 8. a4 a5 9. e4 e5 10. dxe5 Ng4 11. Bf4 g5 12. Nxg5 Ndxe5 13. Qxd8+ Bxd8 14. h3 Nd3 15. hxg4 Bxg4 16. Be3 Ne5 17. f3 Bd7 18. Nh3 Rg8 19. Kh2 Nd3 20. Nf4 Bc7 21. Bh3 Bxh3 22. Kxh3 O-O-O 23. Nh5 Nxb2 24. Ne2 f5 25. exf5 Rge8 26. Bg5 Rxe2 27. Bxd8 Kxd8 28. Rad1+ Nxd1 29. Rxd1+ Ke7 30. f6+ Ke6 31. f7 Kxf7 32. Rd7+ Re7 33. Rd4 c3 34. Rc4 Be5 35. Kg4 b5 36. Rxc6 b4 37. f4 Bd4 38. Rc4 Rd7 0-1


[Site "https://www.chess.com"]

[Event "Titled Tuesday Blitz June 14 Early 2022"]
[White "Talibov, Shiroghlan"]
[Black "Terry, Renato"]
[WhiteFideId "13429078"]
[BlackFideId "3803457"]
[WhiteElo "2042"]
[BlackElo "2577"]
[Result "0-1"]
[Round "02"]
[TimeControl "180+1"]
[Date "2022.06.14"]
[WhiteClock "0:01:26"]
[BlackClock "0:02:03"]

1. c4 e5 2. Nc3 Nc6 3. Nf3 f5 4. d4 e4 5. d5 exf3 6. dxc6 fxg2 7. cxd7+ Qxd7 8. Qxd7+ Bxd7 9. Bxg2 O-O-O 10. Bf4 c6 11. O-O-O Nf6 12. Bf3 Be7 13. Rhg1 g6 14. Bd6 Rhe8 15. Bxe7 Rxe7 16. Rd6 Be6 17. Rxd8+ Kxd8 18. b3 f4 19. Ne4 Nxe4 20. Bxe4 Bxc4 21. Bxg6 hxg6 22. bxc4 Rxe2 23. Rxg6 Rxf2 24. h4 Rxa2 25. Rg4 f3 26. Rf4 f2 27. Kd1 Ke7 28. h5 f1=Q+ 29. Rxf1 Ra1+ 0-1


[Site "https://www.chess.com"]

[Event "Titled Tuesday Blitz June 14 Early 2022"]
[White "Taspinar, Yanki"]
[Black "Le, Tuan Minh"]
[WhiteFideId "34561188"]
[BlackFideId "12401153"]
[WhiteElo "1518"]
[BlackElo "2530"]
[Result "1-0"]
[Round "02"]
[TimeControl "180+1"]
[Date "2022.06.14"]
[WhiteClock "0:00:13"]
[BlackClock "0:00:07"]

1. d4 d5 2. c4 c6 3. cxd5 cxd5 4. Bf4 Nf6 5. Nc3 Nc6 6. e3 a6 7. Bd3 Bg4 8. Nf3 e6 9. h3 Bxf3 10. Qxf3 Bd6 11. O-O Bxf4 12. Qxf4 O-O 13. a3 Rc8 14. Rac1 Qe7 15. Na4 e5 16. dxe5 Nxe5 17. Be2 Rfd8 18. Rfd1 g6 19. b4 Rxc1 20. Rxc1 Ne4 21. Rd1 Nc6 22. Bf3 f5 23. Nb6 d4 24. Bxe4 fxe4 25. exd4 Nxd4 26. Re1 Qe6 27. Na4 Qb3 28. Nc5 Ne2+ 29. Kh2 Qxh3+ 30. gxh3 Nxf4 31. Rxe4 g5 32. h4 Rd2 33. hxg5 Nd5 34. Kg3 b6 35. Nxa6 Rd3+ 36. Kg4 Rxa3 37. Nb8 Kf7 38. Nc6 Rc3 39. b5 Rc5 40. Nd4 Rc4 41. f3 Nc3 42. Rf4+ Kg6 43. Rf6+ Kg7 44. Rf4 Nd5 45. Nf5+ 1-0


[Site "https://www.chess.com"]

[Event "Titled Tuesday Blitz June 14 Early 2022"]
[White "Williams, Simon K"]
[Black "Rodrigue-Lemieux, Shawn"]
[WhiteFideId "404454"]
[BlackFideId "2620049"]
[WhiteElo "2468"]
[BlackElo "1763"]
[Result "0-1"]
[Round "02"]
[TimeControl "180+1"]
[Date "2022.06.14"]
[WhiteClock "0:00:11"]
[BlackClock "0:00:39"]

1. a4 h5 2. e4 c6 3. d4 d5 4. Nd2 dxe4 5. Nxe4 Nf6 6. Ng5 Bf5 7. Bc4 e6 8. N1f3 Nbd7 9. O-O Bd6 10. Nh4 Bh7 11. Bxe6 fxe6 12. Nxe6 Qe7 13. Re1 Ne4 14. Qxh5+ Qf7 15. Qxf7+ Kxf7 16. Rxe4 Bxe4 17. Ng5+ Kg8 18. Nxe4 Bxh2+ 19. Kf1 Rxh4 20. Ng5 Bf4 0-1


[Site "https://www.chess.com"]

[Event "Titled Tuesday Blitz June 14 Early 2022"]
[White "Yilmaz, Mustafa"]
[Black "De Silva, L M S T"]
[WhiteFideId "6302718"]
[BlackFideId "9953698"]
[WhiteElo "2568"]
[BlackElo "1631"]
[Result "0-1"]
[Round "02"]
[TimeControl "180+1"]
[Date "2022.06.14"]
[WhiteClock "0:00:21"]
[BlackClock "0:00:33"]

1. c4 e5 2. Nc3 Nf6 3. Nf3 Nc6 4. e4 Bb4 5. d3 Bxc3+ 6. bxc3 O-O 7. g3 d6 8. Bg2 h6 9. O-O Be6 10. Nh4 Ne7 11. f4 exf4 12. gxf4 Bg4 13. Qe1 Ng6 14. Nxg6 fxg6 15. Qg3 Qd7 16. h3 Be2 17. Rf2 Nh5 18. Qe3 Bd1 19. Bd2 Ba4 20. d4 Rae8 21. Raf1 b5 22. d5 c5 23. e5 bxc4 24. e6 Qe7 25. Qe4 Ng3 26. Qxg6 Nxf1 27. Bxf1 Rf6 28. Qg4 Bc2 29. Bxc4 Bf5 30. Qf3 Rg6+ 31. Kh2 Rb8 32. Bb3 c4 33. Bxc4 Rb2 34. Be3 Rb1 35. Bf1 Qh4 36. Bxa7 Be4 37. e7 Qxe7 38. Qe2 Qh4 39. Rf3 Bxf3 40. Qxf3 Rb2+ 41. Kh1 Rg3 0-1


[Site "https://www.chess.com"]

[Event "Titled Tuesday Blitz June 14 Early 2022"]
[White "Zhigalko, Sergei"]
[Black "Prokofiev, Valentyn"]
[WhiteFideId "13502956"]
[BlackFideId "14160161"]
[WhiteElo "2662"]
[BlackElo "2142"]
[Result "1-0"]
[Round "02"]
[TimeControl "180+1"]
[Date "2022.06.14"]
[WhiteClock "0:00:52"]
[BlackClock "0:00:47"]

1. e4 e5 2. Nf3 Nc6 3. Bc4 Bc5 4. b4 Bxb4 5. c3 Be7 6. d4 Na5 7. Bd3 d6 8. dxe5 dxe5 9. Nxe5 Nf6 10. O-O O-O 11. Qc2 c5 12. Nd2 Qc7 13. f4 Rd8 14. c4 b6 15. Bb2 Bb7 16. Rae1 Nc6 17. Nxc6 Qxc6 18. Nf3 h6 19. e5 Nh5 20. Bh7+ Kh8 21. Be4 Qc7 22. Bxb7 Qxb7 23. Qf5 Kg8 24. Qxh5 Qa6 25. e6 Rf8 26. exf7+ Rxf7 27. Ne5 Rf6 28. Ng6 1-0


[Site "https://www.chess.com"]

[Event "Titled Tuesday Blitz June 14 Early 2022"]
[White "Al-Tarboush, Ward"]
[Black "Pranesh M"]
[WhiteFideId "7601450"]
[BlackFideId "35028600"]
[WhiteElo "2249"]
[BlackElo "1902"]
[Result "0-1"]
[Round "03"]
[TimeControl "180+1"]
[Date "2022.06.14"]
[WhiteClock "0:00:01"]
[BlackClock "0:01:58"]

1. e4 e5 2. Nf3 Nc6 3. Bb5 Nf6 4. O-O Nxe4 5. d4 Nd6 6. Bxc6 dxc6 7. dxe5 Nf5 8. Qxd8+ Kxd8 9. Nc3 Be7 10. h3 Be6 11. g4 Nh4 12. Nxh4 Bxh4 13. Be3 h5 14. f3 b6 15. Kg2 Kc8 16. g5 Kb7 17. f4 Bf5 18. Rad1 f6 19. Rd2 Rae8 20. Bf2 Bxf2 21. Rdxf2 fxe5 22. fxe5 g6 23. Re1 h4 24. Rf4 Rh5 25. Kh2 Re6 26. Re2 Rxg5 27. Rxh4 Re7 28. Rf4 Rh5 29. h4 Bc8 30. Kg3 g5 31. Rfe4 gxh4+ 32. Rxh4 Rg7+ 33. Kf4 Rxh4+ 0-1


[Site "https://www.chess.com"]

[Event "Titled Tuesday Blitz June 14 Early 2022"]
[White "Andreikin, Dmitry"]
[Black "Petrovskyi, Vadym"]
[WhiteFideId "4158814"]
[BlackFideId "14165210"]
[WhiteElo "2736"]
[BlackElo "2396"]
[Result "0-1"]
[Round "03"]
[TimeControl "180+1"]
[Date "2022.06.14"]
[WhiteClock "0:00:34"]
[BlackClock "0:00:13"]

1. e4 c5 2. Nc3 d6 3. Nge2 Nf6 4. h3 Nc6 5. g4 e5 6. Bg2 h6 7. d3 Be7 8. Ng3 Nd4 9. Nf5 Bf8 10. Bd2 g6 11. Ne3 Be6 12. Ncd5 Bg7 13. c3 Nc6 14. Qf3 b5 15. O-O-O b4 16. Nc4 bxc3 17. Bxc3 O-O 18. Nxd6 Qxd6 19. Nxf6+ Kh8 20. Nd5 Rfb8 21. Kb1 a5 22. Rc1 a4 23. Rc2 Rb7 24. Ka1 Nb4 25. Rhc1 Nxc2+ 26. Rxc2 a3 27. b3 Rf8 28. Kb1 f5 29. gxf5 gxf5 30. Ne3 Qxd3 31. exf5 Bxb3 32. Qxb7 Bxc2+ 33. Kc1 Qxc3 34. Nxc2 e4 35. Bxe4 Rd8 36. f6 Qd2+ 37. Kb1 Qd1# 0-1


[Site "https://www.chess.com"]

[Event "Titled Tuesday Blitz June 14 Early 2022"]
[White "Babazada, Khazar"]
[Black "Yang, Kaiqi"]
[WhiteFideId "13413554"]
[BlackFideId "8604398"]
[WhiteElo "2406"]
[BlackElo "2373"]
[Result "0-1"]
[Round "03"]
[TimeControl "180+1"]
[Date "2022.06.14"]
[WhiteClock "0:00:07"]
[BlackClock "0:00:11"]

1. e4 c5 2. Nf3 e6 3. d4 cxd4 4. Nxd4 a6 5. Nd2 Nc6 6. N2f3 Qc7 7. c3 d6 8. Be2 Nf6 9. Qc2 Be7 10. O-O O-O 11. h3 e5 12. Nxc6 bxc6 13. Rd1 d5 14. Nd2 Be6 15. Bd3 h6 16. Nf1 Rfd8 17. Ng3 a5 18. Qe2 Rd7 19. Bc2 Bf8 20. Rf1 Re8 21. f4 dxe4 22. f5 Bd5 23. c4 Red8 24. cxd5 cxd5 25. Bb3 Qb7 26. Nh5 Be7 27. g4 Nxh5 28. gxh5 Bf6 29. Qg4 Kh7 30. Re1 a4 31. Bc2 Rc8 32. Qg2 Rdc7 33. Re2 Rc4 34. b3 Rc3 35. Kh2 Qc6 36. Bxe4 dxe4 37. Be3 axb3 38. axb3 Rxb3 39. Rc1 Rc3 40. Rxc3 Qxc3 41. Qxe4 Rd8 42. Bf2 Rd1 43. Qg2 Qd3 44. Re3 Qxf5 45. Rf3 Qxh5 46. Rg3 e4 47. Qxe4+ g6 48. Qc4 Qd5 49. Qxd5 Rxd5 50. Rf3 Be5+ 51. Kg2 f5 52. Rb3 g5 53. Rb7+ Kg6 54. Rb6+ Rd6 55. Rb5 Bf6 56. h4 g4 57. h5+ Kxh5 58. Rxf5+ Kg6 59. Rb5 h5 60. Kg3 Re6 61. Kf4 Re2 62. Bg3 Re6 63. Rd5 Bg7 64. Bf2 Bh6+ 65. Kg3 Bg5 66. Bc5 Bf6 67. Bb4 Re3+ 68. Kg2 Rf3 69. Be1 h4 70. Rd6 h3+ 71. Kg1 Kh5 72. Rd5+ Kg6 73. Rd6 Rf5 74. Bh4 Rf3 75. Kh2 Kf7 76. Bxf6 Rxf6 77. Rd4 Rf2+ 78. Kh1 g3 79. Rf4+ Rxf4 80. Kg1 h2+ 81. Kg2 Rf2+ 82. Kxg3 h1=Q 83. Kxf2 Qd1 84. Kg3 Qe2 0-1


[Site "https://www.chess.com"]

[Event "Titled Tuesday Blitz June 14 Early 2022"]
[White "Beerdsen, Thomas"]
[Black "Martinez Alcantara, Jose Eduardo"]
[WhiteFideId "1030108"]
[BlackFideId "3805662"]
[WhiteElo "2585"]
[BlackElo "2703"]
[Result "1-0"]
[Round "03"]
[TimeControl "180+1"]
[Date "2022.06.14"]
[WhiteClock "0:00:53"]
[BlackClock "0:00:22"]

1. g4 d5 2. Bg2 c6 3. c4 dxc4 4. Na3 Bxg4 5. Nxc4 Be6 6. b3 Nf6 7. Bb2 Nbd7 8. Nf3 g6 9. Ng5 Bd5 10. e4 Bxc4 11. bxc4 e5 12. O-O Bc5 13. d4 Bxd4 14. Bxd4 exd4 15. e5 Nh5 16. f4 Nc5 17. Qg4 Ng7 18. f5 Nxf5 19. Rxf5 gxf5 20. Qxf5 Qe7 21. Rf1 Ne6 22. Nxf7 Rf8 23. Bf3 Kd7 24. Bg4 Rae8 25. Qxh7 Kc7 26. Bxe6 Qxe6 27. Ng5+ Qd7 28. Rxf8 Qxh7 29. Nxh7 Rxe5 30. Rf7+ Kb6 31. Rd7 Kc5 32. h4 Kxc4 33. Ng5 d3 34. Nf3 Re3 35. Kf2 Re2+ 36. Kg3 Kc3 37. h5 Re6 38. Kg4 c5 39. Kf5 b5 40. Kxe6 c4 41. h6 Kc2 42. h7 c3 43. h8=Q d2 44. Nxd2 cxd2 45. Qh2 Kb2 46. Qxd2+ Ka3 47. Qa5+ Kb2 48. Qxb5+ Kxa2 49. Rxa7# 1-0


[Site "https://www.chess.com"]

[Event "Titled Tuesday Blitz June 14 Early 2022"]
[White "Bluebaum, Matthias"]
[Black "Harvey, Marcus R"]
[WhiteFideId "24651516"]
[BlackFideId "400092"]
[WhiteElo "2556"]
[BlackElo "2485"]
[Result "1-0"]
[Round "03"]
[TimeControl "180+1"]
[Date "2022.06.14"]
[WhiteClock "0:00:30"]
[BlackClock "0:00:02"]

1. d4 Nf6 2. c4 e6 3. Nc3 Bb4 4. e3 O-O 5. Bd2 d5 6. Nf3 b6 7. cxd5 exd5 8. Rc1 c5 9. a3 Bxc3 10. Bxc3 c4 11. b3 cxb3 12. Qxb3 Ba6 13. Bxa6 Nxa6 14. O-O Re8 15. Qa4 Nc7 16. Ne5 Ne6 17. Rc2 Ne4 18. Rfc1 a6 19. Be1 b5 20. Qa5 Qxa5 21. Bxa5 f6 22. Nd7 Nd6 23. Nb6 Rab8 24. Nxd5 Nc4 25. Be1 Nxa3 26. Ra2 Nc4 27. Rxa6 Ra8 28. Rxe6 Rxe6 29. Nc7 Rea6 30. Nxa8 Rxa8 31. Kf1 Kf7 32. Rb1 Rb8 33. Ra1 b4 34. Ke2 b3 35. Bc3 Ke6 36. Kd3 Nd6 37. e4 Rc8 38. f3 Rc7 39. Rb1 Rb7 40. d5+ Kd7 41. Bd4 Rb5 42. Kc3 f5 43. e5 Nb7 44. Kc4 Ra5 45. Rxb3 Ra4+ 46. Kd3 Na5 47. Rc3 Ra2 48. Bc5 Rxg2 49. e6+ Ke8 50. Ra3 1-0


[Site "https://www.chess.com"]

[Event "Titled Tuesday Blitz June 14 Early 2022"]
[White "Bryakin, Mikhail"]
[Black "Antipov, Mikhail Al."]
[WhiteFideId "4165314"]
[BlackFideId "4107012"]
[WhiteElo "2417"]
[BlackElo "2524"]
[Result "1/2-1/2"]
[Round "03"]
[TimeControl "180+1"]
[Date "2022.06.14"]
[WhiteClock "0:00:06"]
[BlackClock "0:00:07"]

1. e4 e5 2. Nf3 Nc6 3. Nc3 Nf6 4. d4 exd4 5. Nxd4 Bb4 6. Nxc6 bxc6 7. Bd3 d5 8. exd5 cxd5 9. O-O O-O 10. h3 c6 11. Qf3 Be6 12. Bg5 Be7 13. Ne2 h6 14. Bf4 c5 15. b3 c4 16. bxc4 dxc4 17. Be4 Nxe4 18. Qxe4 Bf6 19. Be5 Bd5 20. Bxf6 Bxe4 21. Bxd8 Rfxd8 22. c3 Rd2 23. Nd4 Rb8 24. Rfd1 Rxd1+ 25. Rxd1 Rb2 26. Ra1 Kf8 27. f3 Bd3 28. a4 Rb3 29. Nb5 a6 30. Nc7 a5 31. Nb5 Rb2 32. Re1 Ra2 33. Nd6 g5 34. Re8+ Kg7 35. Rc8 Rxa4 36. Kh2 Ra3 37. Rc7 Rxc3 38. Rxf7+ Kg6 39. g4 Rc2+ 40. Kg3 Rd2 41. Re7 c3 42. Ne8 h5 43. Rg7+ Kh6 44. h4 gxh4+ 45. Kf4 hxg4 46. fxg4 Rf2+ 47. Ke3 Rf8 48. g5+ Kh5 49. Nf6+ Rxf6 50. gxf6 c2 51. Rc7 Bg6 52. Kd2 h3 53. f7 c1=Q+ 54. Kxc1 h2 55. f8=Q h1=Q+ 56. Kb2 Qh2+ 57. Rc2 Qe5+ 58. Rc3 Qb5+ 59. Ka3 Qb4+ 60. Qxb4 axb4+ 61. Kxb4 Kg5 62. Kc5 Bf5 63. Kd4 Kf4 64. Rc1 Bg6 65. Rf1+ Kg5 66. Ke5 Bd3 67. Rg1+ Kh5 68. Kf6 Kh4 69. Rg7 Be2 70. Kf5 Bd3+ 71. Kf4 Kh5 72. Ke5 Bc2 73. Kf6 Kh4 74. Rg5 Bd3 75. Rg2 Be4 76. Rg8 Bd3 77. Ke6 Bc4+ 78. Kf6 Bxg8 1/2-1/2


[Site "https://www.chess.com"]

[Event "Titled Tuesday Blitz June 14 Early 2022"]
[White "Cherniaiev, Tykhon"]
[Black "Zhigalko, Sergei"]
[WhiteFideId "14182360"]
[BlackFideId "13502956"]
[WhiteElo "2289"]
[BlackElo "2662"]
[Result "1-0"]
[Round "03"]
[TimeControl "180+1"]
[Date "2022.06.14"]
[WhiteClock "0:00:02"]
[BlackClock "0:00:04"]

1. d4 Nf6 2. Nf3 e6 3. c4 b6 4. g3 Ba6 5. b3 Bb4+ 6. Bd2 Be7 7. Bg2 c6 8. O-O d5 9. Ne5 Nfd7 10. Nxd7 Nxd7 11. Nc3 O-O 12. Re1 Rc8 13. cxd5 cxd5 14. e4 dxe4 15. Nxe4 Nf6 16. Nxf6+ Bxf6 17. Be3 Qd7 18. Rc1 Bb7 19. Bxb7 Qxb7 20. Qg4 Qa6 21. Rxc8 Rxc8 22. d5 exd5 23. Qd7 h6 24. Qxd5 Qxa2 25. Qf5 Qc2 26. Qg4 Re8 27. Qd7 Re6 28. b4 Bg5 29. Rc1 Qf5 30. Qc8+ Kh7 31. Bxg5 Qxg5 32. Qc2+ g6 33. Qc7 Rf6 34. Rf1 a6 35. Qa7 b5 36. Qd4 Qf5 37. Re1 h5 38. h4 Kg7 39. Re5 Qb1+ 40. Kg2 Qc2 41. Rd5 Qc4 42. Qe5 Qc6 43. Kg1 Qe6 44. Qd4 Qe1+ 45. Kg2 Qe6 46. Re5 Qc6+ 47. Rd5 Qe6 48. Re5 Qd6 49. Rd5 Qc6 50. Kg1 Kh7 51. Rd8 Qe6 52. Kg2 Kg7 53. Kg1 Qf5 54. Rd5 Qc2 55. Rd6 Qc1+ 56. Kg2 1-0


[Site "https://www.chess.com"]

[Event "Titled Tuesday Blitz June 14 Early 2022"]
[White "De Silva, L M S T"]
[Black "Daneshvar, Bardiya"]
[WhiteFideId "9953698"]
[BlackFideId "12576468"]
[WhiteElo "1631"]
[BlackElo "2303"]
[Result "0-1"]
[Round "03"]
[TimeControl "180+1"]
[Date "2022.06.14"]
[WhiteClock "0:00:03"]
[BlackClock "0:00:06"]

1. e4 Nf6 2. e5 Nd5 3. d4 d6 4. Nf3 g6 5. Be2 Bg7 6. exd6 cxd6 7. c4 Nb6 8. h3 O-O 9. O-O Nc6 10. Nc3 Bf5 11. b3 e5 12. dxe5 dxe5 13. Bb2 Qe7 14. Qc1 Nd4 15. Ba3 Nxe2+ 16. Nxe2 Qc7 17. Bxf8 Rxf8 18. Ng3 e4 19. Nxf5 gxf5 20. Nh4 Bxa1 21. Qxa1 Qf4 22. g3 Qg5 23. Qe5 Nd7 24. Qxf5 Qxf5 25. Nxf5 Ne5 26. Nd6 f5 27. Nxb7 Kf7 28. c5 Ke6 29. Rd1 Nd3 30. b4 Kd5 31. a3 f4 32. gxf4 Rxf4 33. b5 Rf7 34. c6 Ke5 35. a4 Nxf2 36. Rd7 Nxh3+ 37. Kh2 Rf3 38. c7 Rc3 39. Nd6 Ke6 40. Rd8 Rxc7 41. Kxh3 e3 42. Kg3 Ke7 43. Re8+ Kxd6 44. Rxe3 Rc4 45. Rf3 Rxa4 46. Rf7 h5 47. Rh7 h4+ 48. Kh3 Kc5 49. Rh5+ Kb6 50. Rg5 Rb4 51. Rf5 Rxb5 52. Rf6+ Ka5 53. Kxh4 Re5 54. Kg3 Kb5 55. Rf8 a5 56. Rb8+ Kc4 57. Kf4 Re7 58. Ra8 Kb4 59. Rb8+ Ka3 60. Ra8 a4 61. Rb8 Ka2 62. Ra8 a3 63. Rb8 Ka1 64. Rb3 a2 65. Rb8 Re1 66. Kg5 Rb1 67. Rf8 Rb5+ 68. Kg6 Kb2 69. Kg7 a1=Q 70. Rf6 Kb3 71. Kf7 Qc3 72. Ke7 Rb7+ 73. Kf8 Qxf6+ 0-1


[Site "https://www.chess.com"]

[Event "Titled Tuesday Blitz June 14 Early 2022"]
[White "Durarbayli, Vasif"]
[Black "Karolczuk, Iwo"]
[WhiteFideId "13402935"]
[BlackFideId "21816972"]
[WhiteElo "2528"]
[BlackElo "2281"]
[Result "1/2-1/2"]
[Round "03"]
[TimeControl "180+1"]
[Date "2022.06.14"]
[WhiteClock "0:00:10"]
[BlackClock "0:00:10"]

1. e4 c5 2. Nf3 d6 3. Bb5+ Nd7 4. O-O a6 5. Bd3 Ngf6 6. Re1 e6 7. Bf1 Be7 8. c4 Ne5 9. d4 Nxf3+ 10. gxf3 Nd7 11. d5 e5 12. f4 O-O 13. Nc3 Bf6 14. fxe5 Bxe5 15. f4 Bd4+ 16. Be3 Qh4 17. Bxd4 cxd4 18. Ne2 f5 19. exf5 Rxf5 20. Qxd4 Rh5 21. Qf2 Qxf2+ 22. Kxf2 Rxh2+ 23. Kg3 Rh6 24. Nd4 Nf6 25. Re7 Rg6+ 26. Kf2 Bd7 27. Bd3 Rh6 28. Rg1 g6 29. f5 Kf8 30. Re2 Kf7 31. fxg6+ hxg6 32. Ke1 Re8 33. Rxe8 Nxe8 34. Nf3 Nf6 35. Ng5+ Ke7 36. Kd2 Rh2+ 37. Kc3 Bf5 38. Bxf5 gxf5 39. Ne6 Ne4+ 40. Kd4 Rd2+ 41. Ke3 Rxb2 42. Rg8 Kf6 43. Nd4 Rxa2 44. Rf8+ Kg6 45. Nxf5 Nc5 46. Nxd6 b5 47. Kd4 Nb3+ 48. Kc3 bxc4 49. Nxc4 Na5 50. Nxa5 Rxa5 51. Kc4 Ra4+ 52. Kc5 Kg7 53. Ra8 Kf7 54. d6 Ke6 55. Re8+ Kd7 56. Re7+ Kd8 57. Ra7 Ra1 58. Kc6 Rc1+ 59. Kd5 Rd1+ 60. Kc6 Rc1+ 61. Kd5 Rd1+ 62. Kc6 Rc1+ 1/2-1/2


[Site "https://www.chess.com"]

[Event "Titled Tuesday Blitz June 14 Early 2022"]
[White "Galperin, Platon"]
[Black "Bortnyk, Mykola"]
[WhiteFideId "14165414"]
[BlackFideId "14120836"]
[WhiteElo "2432"]
[BlackElo "2582"]
[Result "1-0"]
[Round "03"]
[TimeControl "180+1"]
[Date "2022.06.14"]
[WhiteClock "0:00:05"]
[BlackClock "0:00:03"]

1. d4 d5 2. c4 e6 3. Nf3 Nf6 4. g3 dxc4 5. Bg2 Bd7 6. O-O Bc6 7. Qc2 b5 8. Nc3 Bb4 9. a4 bxa4 10. Nxa4 O-O 11. Qxc4 Be7 12. Nc3 Bb7 13. Rd1 Nbd7 14. Bf4 Bd6 15. Ra5 Bxf4 16. gxf4 c5 17. Rb5 Ba6 18. dxc5 Bxb5 19. Nxb5 Qe7 20. b4 a5 21. Nfd4 Nd5 22. f5 Ne5 23. Qb3 a4 24. Qg3 Qf6 25. Nd6 a3 26. Ne4 Qd8 27. Qxe5 a2 28. Nc2 Nxb4 29. Rxd8 Rfxd8 30. Nc3 Nxc2 31. Nxa2 Rxa2 32. fxe6 Ra1+ 33. Bf1 fxe6 34. Qxe6+ Kh8 35. c6 Nd4 36. Qe4 Rc1 37. e3 Nxc6 38. Kg2 Rc5 39. Bd3 g6 40. Qf4 Rxd3 41. Qf8# 1-0


[Site "https://www.chess.com"]